Map: Catalyst LE

Players

PartinG - Winner!

  • Race: Protoss Protoss
  • League: Grandmaster
  • Spawn Location: 11:00

Kunamatata

  • Race: Terran Terran
  • League: Master
  • Spawn Location: 5:00

VOD

Have the link to the VOD?

Description

Time

  • Played on: April 21, 2018, 7:23 p.m.
  • Length: 4:09
Show
View Real Time Build Order
Export as new Build Order

PartinG Protoss - Winner!

Build Orders:  

Get SALT Encoding   

  12  0:00  Probe  
  13  0:13  Probe  
  14  0:17  Pylon  
  14  0:25  Probe  
  15  0:37  Gateway  
  15  0:41  Assimilator  
  15  0:44  Probe  
  16  0:52  Pylon  
  16  0:56  Probe  
  17  1:08  Probe  
  17  1:10  Gateway  
  18  1:24  Cybernetics Core  
  18  1:28  Zealot  
  18  1:32  Probe  
  21  1:44  Probe  
  22  1:50  Stalker  
  22  1:51  Stalker  
  22  1:56  Probe  
  27  2:01  Warp Gate  
  28  2:08  Probe  
  28  2:10  Assimilator  
  28  2:12  Stalker  
  28  2:20  Probe  
  31  2:27  Pylon  
  31  2:41  Pylon  
  31  2:45  Stalker  
  31  2:51  Stalker  
  33  3:05  Shield Battery  
  33  3:10  Probe  
  34  3:13  Twilight Council  
  34  3:22  Probe  
  35  3:34  Probe  
  35  3:44  Nexus  
  35  3:46  Probe  
  36  4:05  Dark Shrine  
Show
View Real Time Build Order
Export as new Build Order

Kunamatata Terran 

Build Orders: Reaper Expand 

Get SALT Encoding   

  12  0:00  SCV  
  13  0:12  SCV  
  14  0:17  Supply Depot  
  14  0:24  SCV  
  15  0:29  Refinery  
  15  0:38  SCV  
  16  0:45  Barracks  
  16  0:50  SCV  
  17  1:03  SCV  
  18  1:15  SCV  
  19  1:32  Reaper  
  19  1:33  Orbital Command  
  20  2:02  SCV  
  20  2:03  Command Center  
  21  2:09  Factory, Barracks Reactor  
  21  2:10  Supply Depot  
  21  2:14  SCV  
  22  2:26  SCV  
  22  2:38  SCV  
  22  2:46  Marine x2  
  22  2:50  SCV  
  24  2:52  Barracks  
  24  2:56  Bunker  
  23  3:03  SCV  
  23  3:08  Marine  
  23  3:13  Supply Depot  
  21  3:35  Marine  
  21  3:38  Supply Depot  
  21  3:40  Marine  
Tags
 
Add a new tag
Caveats
  • Supply blocks, unpowered buildings, or Contaminate may cause inaccurate times.
  • Supply counts are checked every 10 seconds.